Map: Lerilak Crest

Players

Nordic - Winner!

  • Race: Zerg Zerg
  • League: Diamond

LilDicky

  • Race: Terran Terran
  • League: Diamond

VOD

http://www.twitch.tv/tumescentpie

Description

Time

  • Played on: Nov. 26, 2015, 3:11 p.m.
  • Length: 13:14
Show
View Real Time Build Order
Export as new Build Order

Nordic Zerg - Winner!

Build Orders: Hatch First, Lurkers 

Get SALT Encoding   

  12  0:01  Drone  
  13  0:09  Drone  
  14  0:18  Overlord  
  14  0:36  Drone x3  
  17  0:48  Drone  
  18  0:57  Hatchery  
  18  1:01  Drone  
  18  1:09  Drone  
  19  1:20  Drone, Spawning Pool  
  19  1:30  Drone  
  20  1:51  Overlord  
  20  2:02  Overlord  
  20  2:06  Queen  
  22  2:09  Queen  
  22  2:10  Drone x2  
  26  2:33  Drone x2  
  26  2:34  Drone x2  
  30  2:41  Extractor  
  29  2:45  Queen  
  29  2:46  Hatchery, Queen  
  32  3:02  Zergling x4  
  34  3:06  Drone  
  34  3:07  Drone x3  
  38  3:30  Drone x5  
  38  3:31  Drone  
  38  3:32  Overlord x2  
  44  3:56  Metabolic Boost  
  44  4:13  Extractor  
  44  4:14  Extractor  
  44  4:15  Drone  
  44  4:16  Evolution Chamber, Drone x2  
  44  4:17  Evolution Chamber  
  42  4:29  Drone  
  42  4:30  Drone x13  
  56  4:33  Drone  
  56  4:34  Drone x2  
  59  4:43  Extractor  
  58  4:49  Zerg Ground Armor Level 1  
  58  4:50  Overlord x3  
  57  4:57  Extractor  
  57  4:59  Drone x3  
  59  5:04  Drone  
  60  5:08  Zerg Melee Weapons Level 1  
  60  5:10  Drone x2  
  60  5:11  Zergling x2  
  60  5:12  Zergling x12  
  69  5:29  Overlord x2  
  69  5:52  Lair  
  69  5:57  Extractor  
  69  5:58  Drone  
  69  5:59  Drone x2  
  69  6:00  Drone x12  
  83  6:05  Overlord  
  83  6:07  Hatchery  
  83  6:08  Hatchery  
  81  6:37  Pneumatized Carapace  
  81  6:48  Overlord x3  
  81  6:49  Overlord  
  81  6:54  Hydralisk Den  
  81  6:56  Infestation Pit  
  81  6:59  Overseer  
  81  7:00  Zergling x2  
  83  7:01  Zergling x22  
  91  7:19  Zerg Ground Armor Level 2, Zerg Melee Weapons Level 2  
  91  7:24  Lurker Den  
  91  7:44  Hive  
  91  8:08  Hydralisk x5  
  91  8:09  Hydralisk x5  
  91  8:12  Zergling x2  
  112  8:13  Zergling x34  
  129  8:48  Overlord  
  129  8:49  Overlord x6  
  129  8:50  Overlord x3  
  129  8:51  Lurker  
  129  8:52  Lurker x9  
  139  9:00  Adrenal Glands  
  139  9:01  Ultralisk Cavern  
  138  9:05  Drone x3, Extractor  
  138  9:06  Drone x3  
  138  9:07  Extractor  
  138  9:09  Drone x12  
  156  9:10  Drone x2  
  138  9:38  Zergling x24  
  135  9:39  Zergling x6  
  148  9:46  Muscular Augments  
  148  9:48  Chitinous Plating  
  148  10:33  Zerg Ground Armor Level 3, Zerg Melee Weapons Level 3  
  148  10:35  Ultralisk x5  
  178  10:36  Ultralisk x2, Hatchery  
  178  10:37  Zergling x2  
  178  10:38  Zergling x18  
  178  10:42  Hatchery  
  129  11:52  Viper x3  
  129  11:53  Viper x5  
  129  12:12  Ultralisk x2  
  135  12:29  Extractor  
  134  12:30  Extractor  
  134  12:34  Extractor  
  134  12:35  Zergling x2  
  134  12:36  Extractor, Zergling x32  
  148  12:45  Drone x2  
  148  12:46  Drone  
  148  12:48  Drone x3  
  148  12:49  Drone  
  148  12:50  Drone x2  
  148  12:51  Drone x3  
Show
View Real Time Build Order
Export as new Build Order

LilDicky Terran 

Build Orders:  

Get SALT Encoding   

  12  0:01  SCV  
  13  0:13  SCV  
  14  0:18  Supply Depot  
  14  0:26  SCV  
  15  0:40  SCV  
  15  0:41  Refinery  
  16  0:46  Barracks  
  16  0:52  SCV  
  17  1:04  SCV  
  18  1:16  SCV  
  20  1:33  Marine  
  20  1:36  Orbital Command  
  20  1:47  Command Center  
  20  1:53  Reaper  
  21  2:04  SCV  
  21  2:05  Factory  
  22  2:16  SCV  
  23  2:42  Command Center  
  23  2:48  Factory Tech Lab  
  23  2:51  Bunker  
  23  2:53  Bunker  
  23  2:59  SCV, Marine  
  25  3:06  Orbital Command  
  25  3:18  Marine  
  26  3:20  Siege Tank  
  26  3:25  Supply Depot  
  29  3:29  Supply Depot, SCV  
  30  3:36  SCV  
  32  3:41  SCV  
  32  3:43  Marine  
  32  3:48  SCV  
  34  3:50  Refinery  
  34  3:54  Siege Tank  
  36  3:58  Supply Depot  
  36  4:00  Supply Depot  
  36  4:01  SCV  
  37  4:05  SCV  
  37  4:09  Orbital Command  
  38  4:13  Marine  
  39  4:31  SCV, Marine  
  40  4:35  Command Center  
  41  4:39  SCV  
  42  4:48  Siege Tank  
  42  4:50  SCV  
  42  4:52  Starport  
  46  4:54  Refinery  
  46  4:57  Refinery  
  46  4:59  SCV  
  47  5:03  SCV  
  47  5:06  Marine  
  49  5:15  Engineering Bay  
  49  5:17  SCV  
  49  5:18  SCV x2  
  52  5:23  Marine  
  53  5:29  SCV  
  53  5:30  Siege Tank  
  53  5:32  Starport Reactor  
  57  5:37  SCV  
  57  5:42  SCV x2  
  60  5:46  Marine  
  61  5:52  SCV  
  62  5:58  Planetary Fortress  
  62  6:01  SCV x2  
  62  6:03  Liberator  
  64  6:04  Liberator  
  64  6:05  Siege Tank  
  64  6:10  SCV  
  68  6:13  SCV  
  68  6:16  Marine  
  70  6:23  SCV x2  
  70  6:25  SCV  
  78  6:38  SCV x2  
  78  6:39  SCV x2  
  82  6:41  Command Center  
  82  6:42  Siege Tank, Refinery  
  82  6:43  Marine  
  86  6:50  SCV x2  
  86  6:51  Factory  
  88  7:04  SCV x3  
  88  7:05  SCV  
  92  7:13  Missile Turret  
  92  7:19  SCV x3, Missile Turret  
  92  7:20  SCV, Refinery  
  92  7:22  Siege Tank  
  99  7:25  Missile Turret  
  99  7:34  Supply Depot  
  99  7:35  SCV, Liberator x2  
  99  7:36  Supply Depot, Factory Reactor  
  100  7:38  Supply Depot  
  100  7:40  Armory  
  100  7:42  Armory  
  105  8:24  Hellion x2  
  109  8:33  SCV  
  109  8:34  SCV x2  
  112  8:40  Planetary Fortress  
  112  8:41  Liberator x2  
  112  8:45  Refinery x2  
  112  8:47  Missile Turret  
  112  8:48  Missile Turret x2  
  118  9:06  Terran Vehicle And Ship Armor Level 1, Terran Vehicle Weapons Level 1  
  118  9:07  Starport, Missile Turret x2  
  118  9:09  Starport, Missile Turret  
  118  9:12  Armory  
  118  9:13  Fusion Core  
  118  9:17  Missile Turret  
  118  9:18  Missile Turret  
  118  9:19  Thor  
  118  9:22  Missile Turret  
  119  9:50  Command Center, SCV x4  
  119  9:51  Command Center  
  123  9:55  Starport Tech Lab x2  
  123  10:02  SCV  
  124  10:09  Supply Depot  
  124  10:14  Supply Depot x2  
  124  10:15  Supply Depot x2, Missile Turret, Behemoth Reactor  
  124  10:17  Terran Ship Weapons Level 1  
  124  10:19  Supply Depot  
  124  10:30  SCV x2  
  124  10:32  Liberator  
  124  10:34  Hellion x3  
  132  10:40  Factory  
  132  10:41  Factory  
  132  10:45  Cloaking Field, Advanced Ballistics, Missile Turret  
  132  10:48  Banshee x2  
  138  10:55  Hellion  
  71  12:02  SCV x2  
  71  12:03  SCV  
  71  12:08  Command Center  
  66  12:11  Planetary Fortress  
  66  12:14  Hellion x2  
  62  12:16  Factory Tech Lab x2  
  62  12:17  Command Center  
  62  12:23  Raven x2  
Tags
 
Add a new tag
Caveats
  • Supply blocks, unpowered buildings, or Contaminate may cause inaccurate times.
  • Supply counts are checked every 10 seconds.